 Dungeon Crawl Stone Soup version 0.31.0-11-ge490571c62 (webtiles) character file.

Game seed: 5439235796825444195

840 qw the Skirmisher (level 7, -12/35 HPs)
             Began as a Spriggan Hunter on Feb 3, 2024.
             Mangled by an ice beast (13 damage)
             ... on level 5 of the Dungeon.
             The game lasted 00:00:12 (3563 turns).

qw the Skirmisher (Spriggan Hunter)                 Turns: 3563, Time: 00:00:13

Health: -12/35     AC:  2    Str:  7    XL:     7   Next: 67%
Magic:  8/8        EV: 22    Int: 11    God:
Gold:   285        SH:  0    Dex: 20    Spells: 6/6 levels left

rFire   . . .        a - +0 shortbow (freeze)
rCold   . . .        (shield currently unavailable)
rNeg    . . .        c - +0 robe
rPois   .            (helmet restricted)
rElec   .            (no cloak)
rCorr   .            (gloves unavailable)
SInv    +            (boots unavailable)
Will    +....        (no amulet)
Stlth   ++           (no ring)
HPRegen 0.25/turn    (no ring)
MPRegen 0.11/turn

%: no passive effects
@: very quick
A: very small, no large weapons, unfitting armour, see invisible, speed 3
a: no special abilities


You were on level 5 of the Dungeon.
You visited 1 branch of the dungeon, and saw 5 of its levels.

You collected 285 gold pieces.


Innate Abilities, Weirdness & Mutations

You are very small and have problems with some larger weapons.
You are too small for most types of armour.
You have supernaturally acute eyesight. (SInv)
You cover ground extremely quickly. (Speed+++)


   Skills:
 + Level 2.1 Fighting
 - Level 8.0 Ranged Weapons
 - Level 7.1 Dodging
 - Level 1.5 Stealth


You had 6 spell levels left.
You didn't know any spells.
Your spell library was empty.

Inventory:

Hand Weapons
 a - a +0 shortbow of freezing (weapon)
Armour
 c - a +0 robe (worn)
Wands
 d - a wand of iceblast (6)
Scrolls
 e - a scroll of noise {unknown}
Potions
 b - a potion of lignification {unknown}
 f - a potion of mutation

Dungeon Overview and Level Annotations

Branches:
Dungeon (5/15)
 Temple: D:4-7

Altars:
Qazlal
Sif Muna
The Shining One

Annotations:
D:2 1 runed translucent door, Crazy Yiuf


Message History

The ice beast is lightly wounded.
You shoot an arrow. The arrow barely misses the ice beast.
The arrow closely misses the white imp.
You shoot an arrow. The arrow hits the ice beast.
The ice beast is lightly wounded.
The ice beast completely misses you.
You shoot an arrow.
The arrow hits the ice beast but does no damage.
The ice beast is lightly wounded.
The ice beast closely misses you.
You shoot an arrow.
The arrow completely misses the ice beast.
The arrow barely misses the white imp.
The ice beast closely misses you.
You shoot an arrow. The arrow hits the ice beast.
The ice beast is moderately wounded.
The ice beast misses you.
You shoot an arrow. The arrow hits the ice beast.
The ice beast is heavily wounded.
The ice beast hits you. The ice beast freezes you!
You shoot an arrow. The arrow closely misses the ice beast.
The arrow hits the white imp!
You kill the white imp!
The ice beast misses you.
You shoot an arrow. The arrow hits the ice beast.
The ice beast is severely wounded.
The ice beast closely misses you.
You shoot an arrow. The arrow hits the ice beast.
The ice beast is severely wounded.
The ice beast closely misses you.
You shoot an arrow. The arrow barely misses the ice beast.
The ice beast hits you. The ice beast freezes you!
You shoot an arrow. The arrow barely misses the ice beast.
The ice beast closely misses you.
You shoot an arrow. The arrow hits the ice beast.
The ice beast is almost dead.
The ice beast barely misses you.
You shoot an arrow. The arrow closely misses the ice beast.
The ice beast hits you. The ice beast freezes you!
You die...

~... ..# ...5~
..# ..~##.#
!%..# #..# #.#
#.# #Y# ##@###
#....# ##....#
#.....#
#.<...#######.##
#.....#.........
#.............#
#..###...#....#
#....#...#..#.#


You could see an ice beast.

Vanquished Creatures
  Edmund (D:4)
  A black bear (D:5)
  2 ogres
  A phantom (D:4)
  A scorpion (D:5)
  A crimson imp (D:3)
  A gnoll bouda (D:4)
  Terence (D:2)
  Natasha (thrice) (D:2)
  7 gnolls
  2 adders
  A white imp (D:5)
  A ribbon worm (D:2)
  2 dart slugs
  6 orcs (D:3)
  3 endoplasms
  A giant cockroach (D:1)
  2 hobgoblins
  A jackal (D:1)
  6 kobolds
  3 quokkas
  8 ball pythons
  8 bats
  4 frilled lizards
  7 goblins
  A goblin skeleton (D:3)
  A goblin zombie (D:3)
  3 hobgoblin zombies (D:3)
  A kobold skeleton (D:3)
  A kobold zombie (D:3)
  An orc skeleton (D:3)
  2 orc zombies (D:3)
  10 rats
94 creatures vanquished.

Notes
Turn   | Place    | Note
-------+----------+-------------------------------------------
     0 | D:1      | qw the Spriggan Hunter began the quest for the Orb.
     0 | D:1      | Reached XP level 1. HP: 10/10 MP: 2/2
     0 | D:1      | 0 ||| qw: Version: 0.3-a-158-g18b3111
     0 | D:1      | 0 ||| qw: Game counter: 4240
     0 | D:1      | 0 ||| qw: Melee chars always use a shield: true
     0 | D:1      | 0 ||| qw: God list: Okawaru
     0 | D:1      | 0 ||| qw: Allow faded altars: false
     0 | D:1      | 0 ||| qw: Do Orc after clearing Dungeon:15 true
     0 | D:1      | 0 ||| qw: Do second Lair branch before Depths: true
     0 | D:1      | 0 ||| qw: Lair rune preference: random
     0 | D:1      | 0 ||| qw: Goals: Normal
     0 | D:1      | 0 ||| PLANNING D:1-11
    42 | D:1      | Reached skill level 3 in Dodging
   127 | D:1      | Reached XP level 2. HP: 14/14 MP: 3/3
   458 | D:1      | Found a faded altar of an unknown god.
   552 | D:1      | 552 ||| READING scroll labelled CAJAJA UPPELU.
   553 | D:1      | 553 ||| READING scroll labelled DAXEGG YFISACI.
   654 | D:1      | 654 ||| READING scroll labelled DISME QIEGEETS.
   654 | D:1      | 654 ||| IDENTIFYING fizzy orange potion
   655 | D:1      | 655 ||| DROPPING scroll of butterflies.
   656 | D:1      | 656 ||| DROPPING potion of magic.
   731 | D:2      | Reached XP level 3. HP: 18/18 MP: 4/4
   837 | D:2      | Noticed Natasha
   843 | D:2      | Killed Natasha
   844 | D:2      | Reached skill level 5 in Ranged Weapons
   844 | D:2      | Reached XP level 4. HP: 22/22 MP: 5/5
  1148 | D:2      | Noticed Terence
  1157 | D:2      | HP: 4/22 [Terence/+0 flail (10)]
  1160 | D:2      | Killed Terence
  1351 | D:2      | Found a runed translucent door.
  1352 | D:2      | Noticed Crazy Yiuf
  1398 | D:2      | Noticed Natasha
  1403 | D:2      | Killed Natasha
  1510 | D:2      | Noticed Natasha
  1516 | D:2      | Killed Natasha
  1517 | D:2      | Reached XP level 5. HP: 17/26 MP: 6/6
  1766 | D:2      | 1766 ||| READING scroll of identify.
  1766 | D:2      | 1766 ||| IDENTIFYING 2 smoky sapphire potions
  1767 | D:2      | 1767 ||| DROPPING 2 potions of degeneration.
  1839 | D:3      | Found a shimmering blue altar of Sif Muna.
  2041 | D:3      | Found a glowing golden altar of the Shining One.
  2617 | D:3      | 2617 ||| READING scroll of identify.
  2617 | D:3      | 2617 ||| IDENTIFYING sedimented grey potion
  2618 | D:3      | 2618 ||| READING scroll labelled CAMODGH YNLAESI.
  2618 | D:3      | 2618 ||| BRANDING +0 shortbow.
  2619 | D:3      | 2619 ||| READING scroll labelled YMEUNN INUADUL.
  2619 | D:3      | 2619 ||| ENCHANTING +0 shortbow of freezing.
  2740 | D:4      | Found a stormy altar of Qazlal.
  2767 | D:4      | Reached skill level 6 in Ranged Weapons
  2777 | D:4      | Reached XP level 6. HP: 30/30 MP: 7/7
  2872 | D:4      | Reached skill level 6 in Dodging
  2981 | D:4      | Noticed Edmund
  2982 | D:4      | 2982 ||| ZAPPING wand of iceblast (7) at -4,-1 (Edmund;
                  | floor).
  2993 | D:4      | Killed Edmund
  2994 | D:4      | Reached skill level 7 in Ranged Weapons
  2994 | D:4      | Reached XP level 7. HP: 29/35 MP: 8/8
  3110 | D:4      | 3110 ||| READING scroll labelled UDELON VAOMMEA.
  3147 | D:5      | Entered Level 5 of the Dungeon
  3544 | D:5      | Reached skill level 8 in Ranged Weapons
  3545 | D:5      | 3545 ||| FLEEEEING.
  3546 | D:5      | 3546 ||| FLEEEEING.
  3549 | D:5      | 3549 ||| FLEEEEING.
  3560 | D:5      | HP: 2/35 [ice beast (9)]
  3563 | D:5      | Mangled by an ice beast

Levels and vault maps discovered:
D:1:      lemuel_arrival_behind_the_door_small, layout_rooms,
          shapermc_ecumenical_altar_mp_urbaneastern, minmay_cut_off
D:2:      minmay_inner_zag, layout_loops_ring, uniq_crazy_yiuf_cottage,
          uniq_natasha, uniq_terence
D:3:      layout_basic, nicolae_tso_besieged_by_evil,
          hellmonk_sif_muna_bookshelves, minmay_misc_feat_enclosed
D:4:      layout_rooms, lemuel_tele_altar, minmay_between, uniq_edmund
D:5:      layout_loops_cross, kennysheep_generic_room_16

Skill      XL: |  1  2  3  4  5  6  7 |
---------------+----------------------+-----
Dodging        | 3 4 5 6 7 |  7.1
Ranged Weapons | 5 6 7 8 |  8.0
Fighting       | 2 |  2.1
Stealth        | |  1.5

Action                     |  1- 3 |  4- 6 |  7- 9 || total
---------------------------+-------+-------+-------++-------
   Fire: Shortbow          |    99 |   180 |    47 ||   326
  Evoke: Wand              |       |     1 |       ||     1
    Use: Scroll            |     3 |     4 |     1 ||     8
 Armour: Robe              |    11 |    19 |     7 ||    37
  Dodge: Dodged            |    37 |    61 |    20 ||   118

Table legend:
 A = Non-vault XP
 B = Vault XP
 C = Vault XP percentage of total XP
 D = Non-vault monster count
 E = Vault monster count
 F = Vault count percentage of total count
                 A         B        C        D         E       F
            +---------+---------+-------+---------+---------+-------
      Total |     752 |     449 |  37.4 |      65 |      29 |  30.9
            +---------+---------+-------+---------+---------+-------
        D:1 |      31 |       8 |  20.5 |      22 |       5 |  18.5
        D:2 |     101 |      78 |  43.6 |      12 |       8 |  40.0
        D:3 |      32 |      60 |  65.2 |      14 |      11 |  44.0
        D:4 |     330 |     165 |  33.3 |      11 |       3 |  21.4
        D:5 |     258 |     138 |  34.8 |       6 |       2 |  25.0
            +---------+---------+-------+---------+---------+-------
